 Dungeon Crawl Stone Soup version 0.31.0-12-g77e489cdc1 (webtiles) character file.

Game seed: 4491981759774705923

128 Hrothgar the Sneak (level 4, -5/40 HPs)
             Began as a Draconian Delver on Feb 13, 2024.
             Was an Initiate of Qazlal.
             Slain by an ogre
             ... wielding a +0 giant spiked club
              (18 damage)
             ... on level 5 of the Dungeon.
             The game lasted 00:03:06 (645 turns).

Hrothgar the Sneak (Draconian Delver)                Turns: 645, Time: 00:03:07

Health: -5/40      AC:  5    Str: 15    XL:     4   Next: 86%
Magic:  5/5        EV: 12    Int: 12    God:    Qazlal [......]
Gold:   18         SH:  0    Dex: 12    Spells: 2/4 levels left

rFire   . . .        e - +0 war axe
rCold   . . .        (no shield)
rNeg    . . .        (body armour unavailable)
rPois   .            (helmet restricted)
rElec   .            (no cloak)
rCorr   .            (no gloves)
SInv    .            (no boots)
Will    .....        (no amulet)
Stlth   +++          (no ring)
HPRegen 0.26/turn    (no ring)
MPRegen 0.09/turn

%: no passive effects
@: no status effects
A: AC +5, unfitting armour, cold-blooded
a: Renounce Religion


You were on level 5 of the Dungeon.
You worshipped Qazlal.
Qazlal was noncommittal.
You visited 2 branches of the dungeon, and saw 2 of its levels.

You collected 18 gold pieces.

Inventory:

Hand Weapons
 a - a +0 falchion
 e - a +0 war axe (weapon)
Wands
 f - a wand of digging (2)
Scrolls
 c - a scroll of revelation


   Skills:
 * Level 3.6 Fighting
 * Level 2.4 Long Blades
 * Level 1.1 Axes
 * Level 2.3 Dodging
 * Level 5.2 Stealth
 * Level 0.8 Spellcasting
 * Level 0.5 Summonings
 * Level 0.5 Invocations
 * Level 1.1 Evocations


You had 2 spell levels left.
You knew the following spells:

 Your Spells              Type           Power      Damage    Failure   Level
a - Call Imp              Summ           2%         N/A       36%         2

Your spell library contained the following spells:

 Spells                   Type           Power      Damage    Failure   Level
 Magic Dart               Conj           0%         1d3       30%         1
 Blink                    Tloc           0%         N/A       43%         2


Dungeon Overview and Level Annotations

Branches:
Dungeon (5/15)             Temple (1/1) D:5

Altars:
Ashenzari
Elyvilon
Fedhas
Hepliaklqana
Kikubaaqudgha
Nemelex Xobeh
Qazlal
Sif Muna
Wu Jian

Annotations:
Temple 2 transporters


Innate Abilities, Weirdness & Mutations

Your plain brown scales are hard. (AC +5)
You cannot fit into any form of body armour.
You are cold-blooded and may be slowed by cold attacks.


Message History

You see here a quokka corpse.
Things that are here:
a +0 club; a curare-tipped dart An ogre and an adder come into view.
The adder hisses angrily.
A black bear comes into view.
The ogre shouts!
The adder bites you but does no damage.
You closely miss the adder. The adder barely misses you.
The black bear growls angrily.
You hit the adder.
The adder is heavily wounded.
The adder bites you but does no damage. The adder barely misses you.
You miss the adder.
The adder is heavily wounded.
The adder bites you but does no damage. The adder barely misses you.
You slash the adder!
You kill the adder!
Qazlal accepts your kill.
You barely miss the ogre. The ogre barely misses you.
As you read the scroll labelled SEJOYCV IGEM, it crumbles to dust.
It is a scroll of identify.
You don't currently have any unidentified items.
The ogre hits you with a +0 giant spiked club!
The black bear bites you.
The black bear claws you but does no damage.
The black bear closely misses you.
Aiming: Paralyse
Press: ? - help, Shift-Dir - straight line, f - black bear
Aim: a black bear (chance to affect: 51%)
The black bear suddenly stops moving!
The now-empty wand crumbles to dust.
The ogre hits you with a +0 giant spiked club!!
* * * LOW HITPOINT WARNING * * *
Unknown command.
The helpless black bear fails to defend itself.
You slash the black bear!
The black bear is heavily wounded.
You slash the ogre!
The ogre hits you with a +0 giant spiked club!!
You die...

......##....#
##+..≈≈
...........##
#...[..
...........##
##......
............#
#.......
......##....#
#.......
......##....#
#.....##
............#
#.....#.
............#
#.....#<
......h@....#
#.....#.
......O....##
##....#.
...........##+##
###+###
................
#....##
...5............
#......
###...##........
#...... #...
#........
#...... '...
...##... #...##.
#...##...##.


You could see a black bear (paralysed), an ogre and an ufetubus.

Vanquished Creatures
  A kobold brigand (D:5)
  A hound (D:5)
  An adder (D:5)
  A shadow imp (D:5)
  An ufetubus (D:5)
  An orc (D:5)
  A quokka (D:5)
  6 kobolds (D:5)
13 creatures vanquished.

Notes
Turn   | Place    | Note
-------+----------+-------------------------------------------
     0 | D:5      | Hrothgar the Draconian Delver began the quest for the Orb.
     0 | D:5      | Reached XP level 1. HP: 19/19 MP: 1/1
    14 | D:5      | Noticed a hound
    47 | D:5      | Killed a hound
    48 | D:5      | Reached skill level 5 in Stealth
    48 | D:5      | Reached XP level 2. HP: 8/26 MP: 2/2
    49 | D:5      | Reached XP level 3. HP: 10/31 MP: 3/3
   155 | D:5      | Learned a level 2 spell: Call Imp
   396 | D:5      | Found a staircase to the Ecumenical Temple.
   428 | Temple   | Found a transporter.
   428 | Temple   | Found a transporter.
   428 | Temple   | Found a transporter.
   428 | Temple   | Found a transporter.
   428 | Temple   | Entered the Ecumenical Temple
   450 | Temple   | Became a worshipper of Qazlal Stormbringer
   584 | D:5      | Noticed an ogre
   597 | D:5      | Noticed a kobold brigand
   605 | D:5      | Killed a kobold brigand
   606 | D:5      | Reached skill level 1 in Axes
   606 | D:5      | Reached skill level 1 in Evocations
   606 | D:5      | Reached XP level 4. HP: 40/40 MP: 3/5
   635 | D:5      | Noticed an ogre
   635 | D:5      | Noticed a black bear
   645 | D:5      | Slain by an ogre

Illustrated notes

Levels and vault maps discovered:
D:5:      layout_gridville, mainiacjoe_overflow_boulevard, temple_pool_b
Temple:   hellmonk_temple_divided_pantheon

Skill      XL: |  1  2  3 |
---------------+----------+-----
Stealth        | 5 |  5.2
Dodging        | 2 |  2.3
Axes           | 1 |  1.1
Evocations     | 1 |  1.1
Fighting       | |  3.6
Long Blades    | |  2.4
Spellcasting   | |  0.8
Summonings     | |  0.5
Invocations    | |  0.5

Action                     |  1- 3 |  4- 6 || total
---------------------------+-------+-------++-------
  Melee: Falchion          |    41 |       ||    41
         Tailslap          |     1 |     1 ||     2
         War axe           |    17 |     7 ||    24
  Evoke: Wand              |     2 |     1 ||     3
    Use: Potion            |     1 |       ||     1
         Scroll            |     3 |     1 ||     4
   Stab: Paralysed         |     4 |     1 ||     5
 Armour: Skin              |    66 |    10 ||    76
  Dodge: Dodged            |    87 |     6 ||    93
